 Dungeon Crawl Stone Soup version 0.19.3-4-gbf9329e (webtiles) character file.

94 theAP the Skirmisher (level 4, -2/37 HPs)
             Began as a Formicid Fighter on Jan 28, 2017.
             Slain by an orc priest
             ... wielding a +0 mace
              (3 damage)
             ... on level 3 of the Dungeon.
             The game lasted 00:04:29 (1513 turns).

theAP the Skirmisher (Formicid Fighter)             Turns: 1513, Time: 00:04:29

Health: -2/37      AC:  8    Str: 22    XL:     4   Next: 94%
Magic:  4/4        EV:  5    Int:  7    God:
Gold:   69         SH:  9    Dex: 10    Spells: 0 memorised, 3 levels left

rFire  . . .     SeeInvis +     a - +0 flail
rCold  . . .     Gourm    .     g - +0 chain mail
rNeg   . . .     Faith    .     c - +0 shield
rPois  .         Spirit   .     (helmet unavailable)
rElec  .         Reflect  .     (no cloak)
rCorr  .         Harm     .     (no gloves)
MR     .....                    (no boots)
Stlth  ..........               (no amulet)
                                (no ring)
                                (no ring)

@: drained
A: permanent stasis, dig shafts and tunnels, four strong arms, antennae 3
a: Dig, Shaft Self


You were on level 3 of the Dungeon.
You were not hungry.

You visited 1 branch of the dungeon, and saw 3 of its levels.

You collected 69 gold pieces.

Inventory:

Hand Weapons
 a - a +0 flail (weapon)
Armour
 b - a +0 scale mail
 c - a +0 shield (worn)
 g - a +0 chain mail (worn)
Scrolls
 e - 2 scrolls of remove curse {unknown}
 h - a scroll of fog {unknown}
 l - a scroll of identify {unknown}
 o - 2 scrolls of amnesia {unknown}
Potions
 d - 2 potions of might
 i - 2 potions of berserk rage {unknown}
 j - 2 potions of curing {unknown}
 m - a potion of brilliance {unknown}
 n - a potion of magic {unknown}
 p - a potion of heal wounds {unknown}
 q - a potion of lignification {unknown}
 r - a potion of cancellation {unknown}
Comestibles
 f - 3 bread rations
 k - a slice of pizza


   Skills:
 + Level 4.2(3.2) Fighting
 * Level 3.9(2.9) Maces & Flails
 - Level 3.3(2.3) Armour
 - Level 3.7(2.7) Shields


You had 3 spell levels left.
You didn't know any spells.

Dungeon Overview and Level Annotations

Branches:
Dungeon (3/15)

Altars:


Innate Abilities, Weirdness & Mutations

You are under a permanent stasis effect.
You can dig through walls and to a lower floor.
Your four strong arms can wield two-handed weapons with a shield.
You have a pair of large antennae on your head. (SInv)


Message History

You block the giant cockroach's attack.
The orc priest calls down the wrath of Beogh upon you.
Beogh smites you!
* * * LOW HITPOINT WARNING * * *
You closely miss the orc priest.
The orc priest is severely wounded.
You block the giant cockroach's attack. The orc priest barely misses you.
The giant cockroach bites you but does no damage.
You hit the orc priest but do no damage.
The orc priest is severely wounded.
The orc priest calls down the wrath of Beogh upon you.
You barely resist. You block the giant cockroach's attack.
The orc priest invokes the aid of Beogh against you.
You barely resist.
You hit the orc priest but do no damage.
The orc priest is severely wounded.
You block the giant cockroach's attack.
The giant cockroach bites you but does no damage.
The orc priest hits you with a mace.
You die...

. ###
...########.....
........@o...#
..###.s###..#
#<.## ... #)..#
# #.#.# #.....
###.### .# .#


You could see an orc priest and a giant cockroach.

Vanquished Creatures
  2 adders
  A worm (D:2)
  2 dart slugs (D:1)
  2 leopard geckos (D:2)
  4 orcs (D:3)
  3 bats
  A giant cockroach (D:2)
  4 goblins
  12 hobgoblins
  6 jackals (D:1)
  A quokka (D:2)
  3 frilled lizards
  9 kobolds
  8 rats
58 creatures vanquished.

Notes
Turn   | Place    | Note
-------+----------+-------------------------------------------
     0 | D:1      | theAP the Formicid Fighter began the quest for the Orb.
     0 | D:1      | Reached XP level 1. HP: 18/18 MP: 1/1
    84 | D:1      | Reached XP level 2. HP: 20/24 MP: 2/2
   389 | D:1      | Reached XP level 3. HP: 26/29 MP: 3/3
   784 | D:1      | Reached XP level 4. HP: 13/37 MP: 4/4
  1036 | D:2      | Reached skill level 4 in Fighting
  1192 | D:2      | Found a faded altar of an unknown god.
  1510 | D:3      | HP: 1/37 [orc priest/divine providence (9)]
  1513 | D:3      | Slain by an orc priest

Skill      XL: |  1  2  3  4 |
---------------+-------------+-----
Maces & Flails | 3 |  3.9
Fighting       | 4 |  4.2
Armour         | |  3.3
Shields        | |  3.7

Action                   |  1- 3 |  4- 6 || total
-------------------------+-------+-------++-------
Melee: Flail             |   149 |    94 ||   243
  Eat: Fruit             |       |     3 ||     3
Armor: Chain mail        |   119 |    49 ||   168
Dodge: Dodged            |    45 |    29 ||    74
Block: Shield            |    90 |    61 ||   151
